 Dungeon Crawl Stone Soup version 0.30.0-15-g856e2d3f33 (webtiles) character file.

Game seed: 11491130951800710239

42 qw the Chopper (level 3, -4/23 HPs)
             Began as a Gargoyle Fighter on May 20, 2023.
             Slain by Sigmund
             ... wielding a +0 scythe
              (9 damage)
             ... on level 2 of the Dungeon.
             The game lasted 00:00:38 (920 turns).

qw the Chopper (Gargoyle Fighter)                    Turns: 920, Time: 00:00:38

Health: -4/23      AC: 12    Str: 21    XL:     3   Next: 56%
Magic:  3/3        EV:  7    Int:  8    God:
Gold:   83         SH:  4    Dex:  9    Spells: 2/2 levels left

rFire   . . .        Y - +0 war axe
rCold   . . .        c - +0 buckler
rNeg    + . .        f - +0 chain mail
rPois   inf          (no helmet)
rElec   +            (no cloak)
rCorr   .            (no gloves)
SInv    .            (no boots)
Will    .....        j - amulet of the acrobat Stlth
                     (no ring)
HPRegen 0.23/turn    (no ring)
MPRegen 0.08/turn

%: acrobat
@: no status effects
A: sickness immunity, AC +3, negative energy resistance 1, electricity
resistance, torment resistance 1, petrification resistance
a: no special abilities


You were on level 2 of the Dungeon.
You visited 1 branch of the dungeon, and saw 2 of its levels.

You collected 83 gold pieces.


Innate Abilities, Weirdness & Mutations

You are immune to sickness and miasma.
Your stone body is resilient. (AC +3)
You are immune to poison.
You resist negative energy. (rN+)
You are resistant to electric shocks. (rElec)
You are resistant to unholy torment.
You are immune to petrification.


   Skills:
 - Level 3.2 Fighting
 + Level 3.5 Axes
 - Level 3.2 Armour
 - Level 3.2 Shields


You had 2 spell levels left.
You didn't know any spells.
Your spell library was empty.

Inventory:

Hand Weapons
 l - a +0 whip
 Y - a +0 war axe (weapon)
Armour
 c - a +0 buckler (worn)
 f - a +0 chain mail (worn)
Jewellery
 j - an amulet of the acrobat (around neck)
Scrolls
 k - 3 scrolls of identify
Potions
 d - a potion of might

Dungeon Overview and Level Annotations

Branches:
Dungeon (2/15)

Altars:

Annotations:
D:2 Sigmund


Message History

The rat bites you but does no damage.
You completely miss the rat. You barely miss the frilled lizard.
The bat hits you but does no damage. The rat bites you but does no damage.
The frilled lizard barely misses you. Sigmund hits you but does no damage.
You slash the rat!
You kill the rat!
You barely miss the frilled lizard. The bat barely misses you.
The frilled lizard bites you. Sigmund hits you but does no damage.
You miss the frilled lizard. You slash the bat!
You kill the bat!
You barely miss the endoplasm. The endoplasm barely misses you.
The frilled lizard bites you but does no damage.
The frilled lizard barely misses you.
Sigmund says, "Your kind have come here before.
I understand now why.
You desire death..."
Sigmund hits you but does no damage.
The endoplasm hits you but does no damage.
You closely miss the frilled lizard. You hit the endoplasm but do no damage.
The endoplasm hits you but does no damage.
The frilled lizard bites you but does no damage.
Sigmund hits you but does no damage.
You slash the frilled lizard!
You kill the frilled lizard!
You barely miss the endoplasm. You block the endoplasm's attack.
You hit the endoplasm.
The endoplasm is almost dead.
The endoplasm hits you.
Sigmund hits you from afar with a +0 scythe!
The endoplasm hits you.
You slash the endoplasm!
You kill the endoplasm!
Sigmund barely misses you. Sigmund hits you but does no damage.
You see here a +0 dagger.
You hit Sigmund.
Sigmund is moderately wounded.
Sigmund hits you with a +0 scythe!
You die...

.# .#### ...... ......
.#########........#
...............[..#####
.......................
......).@@#.. .........
..............#........
............>.#......
..............'...#
..............#...#
#####.....#..##...#
####......#...#
#......#...# #.#######


You could see Sigmund.

Vanquished Creatures
  A dart slug (D:2)
  4 endoplasms
  A giant cockroach (D:1)
  7 goblins
  2 hobgoblins
  3 jackals (D:1)
  4 kobolds (D:1)
  A quokka (D:1)
  2 ball pythons (D:1)
  6 bats
  2 frilled lizards
  A rat (D:2)
34 creatures vanquished.

Notes
Turn   | Place    | Note
-------+----------+-------------------------------------------
     0 | D:1      | qw the Gargoyle Fighter began the quest for the Orb.
     0 | D:1      | Reached XP level 1. HP: 14/14 MP: 1/1
     0 | D:1      | 0 ||| qw: Version: 0.2-a-97-g499787f
     0 | D:1      | 0 ||| qw: Game counter: 48
     0 | D:1      | 0 ||| qw: Always use a shield: true
     0 | D:1      | 0 ||| qw: God list: Okawaru
     0 | D:1      | 0 ||| qw: Allow faded altars: false
     0 | D:1      | 0 ||| qw: Do Orc after D:15 true
     0 | D:1      | 0 ||| qw: Do second Lair branch before Depths: true
     0 | D:1      | 0 ||| qw: Lair rune preference: random
     0 | D:1      | 0 ||| qw: Plans: Normal, Zot:1-4, God:TSO, Crypt, Tomb,
                  | Pan, Slime:5, Hells, Abyss, Win
     0 | D:1      | 0 ||| PLANNING D:1-11
    21 | D:1      | 21 ||| Stepping ~*~*~tactically~*~*~ (hiding).
   114 | D:1      | Reached XP level 2. HP: 16/19 MP: 2/2
   378 | D:1      | 378 ||| DROPPING +0 club.
   473 | D:1      | Reached skill level 3 in Axes
   711 | D:1      | Reached XP level 3. HP: 22/23 MP: 3/3
   816 | D:1      | 816 ||| UPGRADING to +0 chain mail.
   826 | D:1      | 826 ||| DROPPING +0 scale mail.
   827 | D:1      | 827 ||| UPGRADING to amulet of the acrobat.
   832 | D:1      | 832 ||| DROPPING ring of flight.
   833 | D:1      | 833 ||| READING scroll labelled ENNEPO VOITIN.
   834 | D:1      | 834 ||| READING 2 scrolls labelled WOINEE XYOPP.
   839 | D:1      | 839 ||| READING scroll labelled NEOWOS AJUM.
   840 | D:1      | 840 ||| READING 4 scrolls labelled UNOAF CEOMIL.
   841 | D:1      | 841 ||| DRINKING 2 coppery potions.
   890 | D:2      | Noticed Sigmund
   891 | D:2      | 891 ||| Stepping ~*~*~tactically~*~*~ (hiding).
   899 | D:2      | HP: 4/23 [Sigmund/+0 scythe (6)]
   900 | D:2      | 900 ||| READING scroll of teleportation.
   901 | D:2      | 901 ||| DRINKING potion of heal wounds.
   917 | D:2      | HP: 5/23 [Sigmund/+0 scythe (9)]
   920 | D:2      | Slain by Sigmund

Levels and vault maps discovered:
D:1:      minmay_arrival_four_circles, layout_loops_ring
D:2:      layout_basic, uniq_sigmund, uniq_jessica

Skill      XL: |  1  2 |
---------------+-------+-----
Axes           | 2 3 |  3.5
Fighting       | |  3.2
Armour         | |  3.2
Shields        | |  3.2

Action                     || total
---------------------------++-------
  Melee: War axe           ||   102
    Use: Scroll            ||     5
         Potion            ||     2
 Armour: Scale mail        ||    44
         Chain mail        ||    38
  Dodge: Dodged            ||    47
  Block: Buckler           ||    26

Table legend:
 A = Non-vault XP
 B = Vault XP
 C = Vault XP percentage of total XP
 D = Non-vault monster count
 E = Vault monster count
 F = Vault count percentage of total count
                 A         B        C        D         E       F
            +---------+---------+-------+---------+---------+-------
      Total |      61 |       0 |   0.0 |      34 |       0 |   0.0
            +---------+---------+-------+---------+---------+-------
        D:1 |      43 |       0 |   0.0 |      25 |       0 |   0.0
        D:2 |      18 |       0 |   0.0 |       9 |       0 |   0.0
            +---------+---------+-------+---------+---------+-------
